 Dungeon Crawl Stone Soup version 0.30.0-10-gfe55d96785 (webtiles) character file.

Game seed: 14419549900631966211

448 GigaChad the Chopper (level 6, -2/51 HPs)
             Began as a Draconian Reaver on May 15, 2023.
             Was a Priest of Dithmenos.
             Slain by a gnoll sergeant
             ... wielding a +0 spear of flaming
              (3 damage)
             ... on level 5 of the Dungeon.
             The game lasted 00:05:29 (3175 turns).

GigaChad the Chopper (Draconian Reaver)             Turns: 3175, Time: 00:05:29

Health: -2/51      AC:  6    Str: 16    XL:     6   Next: 73%
Magic:  10/10      EV: 17    Int: 14    God:    Dithmenos [***...]
Gold:   228        SH:  0    Dex:  9    Spells: 9/10 levels left

rFire   . . .        m - +2 demon blade (venom)
rCold   . . .        (no shield)
rNeg    . . .        (body armour unavailable)
rPois   .            (helmet restricted)
rElec   .            (no cloak)
rCorr   .            (no gloves)
SInv    .            (no boots)
Will    .....        (no amulet)
Stlth   +            i - +5 ring of evasion
HPRegen 0.28/turn    (no ring)
MPRegen 0.12/turn

%: no passive effects
@: wreathed by umbra
A: AC +6, unfitting armour, cold-blooded
a: Renounce Religion, Shadow Step


You were on level 5 of the Dungeon.
You worshipped Dithmenos.
Dithmenos was most pleased with you.
You visited 1 branch of the dungeon, and saw 5 of its levels.

You collected 228 gold pieces.

Inventory:

Hand Weapons
 a - a +0 hand axe
 e - a +2 hand axe of draining
 m - a +2 demon blade of venom (weapon)
Missiles
 p - a throwing net
Armour
 k - a +0 robe
Jewellery
 h - a ring of fire
 i - a +5 ring of evasion (left hand)
 q - a ring of fire
Scrolls
 b - a scroll of teleportation
 n - a scroll of butterflies
Potions
 c - a potion of invisibility {unknown}
 d - 2 potions of curing {unknown}
 f - 2 potions of degeneration {unknown}
 g - 4 potions of mutation {unknown}
 j - a potion of brilliance {unknown}
 l - a potion of might {unknown}
 o - a potion of haste {unknown}


   Skills:
 * Level 3.3 Fighting
 * Level 0.7 Long Blades
 - Level 4.8 Axes
 * Level 3.3 Dodging
 * Level 2.7 Spellcasting
 * Level 4.1 Conjurations
 * Level 1.9 Necromancy


You had 9 spell levels left.
You knew the following spells:

 Your Spells              Type           Power      Damage    Failure   Level
a - Kiss of Death         Conj/Necr      40%        2d8       6%          1

Your spell library contained the following spells:

 Spells                   Type           Power      Damage    Failure   Level
 Momentum Strike          Conj/Tloc      14%        3d8       14%         2
 Freeze                   Ice            4%         1d3       22%         1
 Hailstorm                Conj/Ice       7%         3d4       28%         3
 Frozen Ramparts          Ice            2%         1d1       54%         3
 Portal Projectile        Hex/Tloc       2%         N/A       54%         3
 Tukima's Dance           Hex            1%         N/A       54%         3
 Blade Hands              Tmut           0%         N/A       99%         5


Dungeon Overview and Level Annotations

Branches:
Dungeon (5/15)
 Temple: D:4-7

Altars:
Dithmenos


Innate Abilities, Weirdness & Mutations

Your plain brown scales are hard. (AC +6)
You cannot fit into any form of body armour.
You are cold-blooded and may be slowed by cold attacks.


Message History

You closely miss the gnoll.
Your tail-slap misses the gnoll.
The gnoll sergeant closely misses you. The gnoll closely misses you.
You swing at nothing.
The gnoll sergeant hits you from afar with a +0 spear of flaming.
The gnoll sergeant burns you. The gnoll closely misses you.
The gnoll sergeant hits you from afar with a +0 spear of flaming.
The gnoll sergeant burns you. The gnoll barely misses you.
Unknown command.
Unknown command.
You closely miss the gnoll.
The gnoll sergeant completely misses you.
The gnoll hits you with a +0 whip.
Unknown command.
You slash the gnoll!
The gnoll looks as sick as possible!
The gnoll is almost dead.
The gnoll sergeant hits you from afar with a +0 spear of flaming!
* * * LOW HITPOINT WARNING * * *
The gnoll sergeant burns you.
* * * LOW HITPOINT WARNING * * *
The gnoll barely misses you.
You hit the gnoll.
You kill the gnoll!
Dithmenos accepts your kill. The gnoll sergeant misses you.
Unknown command.
The gnoll sergeant barely misses you.
Things that are here:
a +0 flail; a gnoll corpse You hit the gnoll sergeant but do no damage.
The gnoll sergeant is poisoned.
The gnoll sergeant misses you.
The gnoll sergeant hits you with a +0 spear of flaming.
* * * LOW HITPOINT WARNING * * *
The gnoll sergeant burns you.
* * * LOW HITPOINT WARNING * * *
Unknown command.
You hit the gnoll sergeant but do no damage.
The gnoll sergeant looks as sick as possible!
The gnoll sergeant is lightly wounded.
The gnoll sergeant hits you with a +0 spear of flaming.
You die...

#...................#
##.................##
###.............### .
##.............## ..
##....#........## ##...
....#####......####.....
).### ###.#...........
#...### ###..).)......
......## #.##@.......
.......### #....g.......
.........# #............
.......... #............
..........#.............
..........#.............
..........#....#####....
##########..#.# #...


You could see a gnoll sergeant (extremely poisoned).

Vanquished Creatures
  2 black bears (D:4)
  A hound (D:5)
  A sleepcap (D:4)
  Robin (D:3)
  7 gnolls (D:5)
  4 adders
  2 ufetubi (D:4)
  2 dart slugs
  6 ball pythons
  4 endoplasms
  6 giant cockroaches
  16 goblins
  12 hobgoblins
  4 quokkas
  3 bats
  2 frilled lizards
  10 kobolds
  2 rats
85 creatures vanquished.

Notes
Turn   | Place    | Note
-------+----------+-------------------------------------------
     0 | D:1      | GigaChad the Draconian Reaver began the quest for the Orb.
     0 | D:1      | Reached XP level 1. HP: 17/17 MP: 3/3
   148 | D:1      | Reached XP level 2. HP: 17/22 MP: 5/5
   178 | D:1      | Found a faded altar of an unknown god.
   200 | D:1      | Prayed at the altar of an unknown god.
   200 | D:1      | Became a worshipper of Dithmenos the Shadowed
   200 | D:1      | Reached * piety under Dithmenos
   837 | D:2      | Reached XP level 3. HP: 21/29 MP: 6/6
  1082 | D:2      | Reached ** piety under Dithmenos
  1549 | D:3      | Noticed Robin
  1554 | D:3      | Reached XP level 4. HP: 27/35 MP: 7/7
  1571 | D:3      | Killed Robin
  1735 | D:3      | Reached skill level 1 in Necromancy
  2320 | D:4      | Noticed a black bear
  2326 | D:4      | Killed a black bear
  2327 | D:4      | Reached XP level 5. HP: 36/45 MP: 8/8
  2470 | D:4      | Noticed a black bear
  2477 | D:4      | Killed a black bear
  2478 | D:4      | Reached XP level 6. HP: 51/51 MP: 9/9
  2547 | D:4      | Reached *** piety under Dithmenos
  2704 | D:5      | Entered Level 5 of the Dungeon
  3174 | D:5      | HP: 1/51 [gnoll sergeant/+0 spear of flaming (2)]
  3175 | D:5      | Slain by a gnoll sergeant

Illustrated notes

Levels and vault maps discovered:
D:1:      dpeg_arrival_simpleton_b, layout_basic,
          chequers_ecumenical_altar_simple_redux
D:2:      layout_loops_ring
D:3:      kennysheep_big_flooded_room, layout_basic, kennysheep_another_room,
          minmay_misc_feat_pillars, uniq_robin
D:4:      layout_gridville
D:5:      layout_cave_pods, minmay_temple_entry_enclosed_plants,
          uniq_blork_the_orc, uniq_sigmund

Skill      XL: |  1  2  3  4  5  6 |
---------------+-------------------+-----
Dodging        | 2 3 |  3.3
Necromancy     | 1 |  1.9
Fighting       | 3 |  3.3
Axes           | 4 |  4.8
Conjurations   | 4 |  4.1
Long Blades    | |  0.7
Spellcasting   | |  2.7

Action                     |  1- 3 |  4- 6 || total
---------------------------+-------+-------++-------
  Melee: Hand axe          |   104 |    86 ||   190
         Tailslap          |     6 |     9 ||    15
         Punch             |     1 |       ||     1
         Demon blade       |       |    31 ||    31
   Cast: Kiss of Death     |     3 |     1 ||     4
    Use: Scroll            |     1 |     4 ||     5
   Stab: Sleeping          |     1 |       ||     1
 Armour: Skin              |    30 |    34 ||    64
  Dodge: Dodged            |    80 |   177 ||   257
